 Dungeon Crawl Stone Soup version 0.21.1-1-g345015f (webtiles) character file.

41 lotte the Chopper (level 3, -2/34 HPs)
             Began as a Deep Dwarf Berserker on June 24, 2018.
             Was a Follower of Trog.
             Slain by Sigmund
             ... wielding a +0 scythe
              (7 damage)
             ... on level 2 of the Dungeon.
             The game lasted 00:06:37 (1317 turns).

lotte the Chopper (Deep Dwarf Berserker)            Turns: 1317, Time: 00:06:38

Health: -2/34      AC:  2    Str: 21    XL:     3   Next: 32%
Magic:  2/2        EV: 12    Int:  7    God:    Trog [*.....]
Gold:   65         SH:  0    Dex: 12    Spells: 2/2 levels left

rFire    . . .     SeeInvis .   a - +0 hand axe
rCold    . . .     Gourm    .   (no shield)
rNeg     . . .     Faith    .   b - +0 animal skin
rPois    .         Spirit   .   (no helmet)
rElec    .         Reflect  .   (no cloak)
rCorr    .         Harm     .   (no gloves)
MR       .....                  (no boots)
Stlth    +.........             (no amulet)
HPRegen  0.00/turn              f - ring of wizardry
MPRegen  0.08/turn              (no ring)

@: non-regenerating
A: damage resistance, heal wounds, sense surroundings 1, no regeneration
a: Heal Wounds, Berserk, Burn Spellbooks, Renounce Religion


You were on level 2 of the Dungeon.
You worshipped Trog.
Trog was aware of your devotion.
You were very hungry.

You visited 1 branch of the dungeon, and saw 2 of its levels.

You collected 65 gold pieces.

Inventory:

Hand Weapons
 a - a +0 hand axe (weapon)
Armour
 b - a +0 animal skin (worn)
Jewellery
 f - a ring of wizardry (left hand)
Scrolls
 d - a scroll of magic mapping {unknown}
 e - 2 scrolls of remove curse {unknown}
 i - a scroll of identify {unknown}
 j - a scroll of teleportation {unknown}
Potions
 g - 2 potions of flight {unknown}
 h - 2 potions of degeneration {unknown}
 k - a potion of curing {unknown}
 l - a potion of agility {unknown}
 m - 2 potions of mutation {unknown}
Comestibles
 c - 3 rations


   Skills:
 * Level 3.5 Fighting
 + Level 3.9 Axes
 + Level 2.3 Armour
 - Level 2.2 Dodging


You had 2 spell levels left.
You didn't know any spells.

Dungeon Overview and Level Annotations

Branches:
Dungeon (2/15)

Altars:

Annotations:
D:2 Sigmund


Innate Abilities, Weirdness & Mutations

You are resistant to damage.
You can heal yourself by infusing magical energy.
You passively map a small area around you.
You do not regenerate.


Message History

You hit Sigmund.
Sigmund is moderately wounded.
Sigmund points at you and mumbles some strange words.
The puff of flame hits you!
You closely miss Sigmund.
Sigmund is moderately wounded.
Sigmund closely misses you.
You closely miss Sigmund.
Sigmund is moderately wounded.
Sigmund hits you with a scythe!
* * * LOW HITPOINT WARNING * * *
You closely miss Sigmund.
Sigmund is moderately wounded.
You hit Sigmund.
Sigmund is moderately wounded.
Sigmund mumbles some strange words.
Sigmund flickers and vanishes!
Deactivating autopickup; reactivate with Ctrl-A.
You barely miss something. Something hits you!
You die...

##......## ##........##
#..........# #..........# *
#..........# , #..........#
#..........##########
#####...........<.†....# *
#..........@.#########.# *
#.##.......{..# .#. >,
##.##.(..†.....########...
#####..........)............##
......#.#........†........#..
,
#######.#.................#.#*
#.##........#.......#.#
#.###.......##...##$..# #.#
#######..#.#....###


There were no monsters in sight!

Vanquished Creatures
  An ooze (D:1)
  A worm (D:2)
  A dart slug (D:1)
  2 bats
  3 giant cockroaches (D:1)
  4 goblins
  2 hobgoblins
  2 jackals (D:1)
  A quokka (D:2)
  2 frilled lizards (D:1)
  7 kobolds
  5 rats
31 creatures vanquished.

Notes
Turn   | Place    | Note
-------+----------+-------------------------------------------
     0 | D:1      | lotte the Deep Dwarf Berserker began the quest for the Orb.
     0 | D:1      | Reached XP level 1. HP: 20/20 MP: 1/1
   212 | D:1      | Reached XP level 2. HP: 25/28 MP: 2/2
   930 | D:1      | Reached XP level 3. HP: 19/34 MP: 3/3
  1289 | D:2      | Noticed Sigmund
  1317 | D:2      | Slain by Sigmund

Skill      XL: |  1 |
---------------+----+-----
Fighting       | 3 |  3.5
Axes           | |  3.9
Armour         | |  2.3
Dodging        | |  2.2

Action                   || total
-------------------------++-------
Melee: Hand axe          ||   108
 Abil: Heal Wounds       ||     1
 Stab: Sleeping          ||     1
Armor: Animal skin       ||    12
Dodge: Dodged            ||    77
